 Dungeon Crawl Stone Soup version 0.28-a0-1387-g3a22ab9bdc (webtiles) character file.

Game seed: 1840924295972139135

4 Deminshera the Poker (level 1, -2/18 HPs)
             Began as a Merfolk Monk on Jan 2, 2022.
             Slain by a goblin (4 damage)
             ... on level 1 of the Dungeon.
             The game lasted 00:00:27 (46 turns).

Deminshera the Poker (Merfolk Monk)                   Turns: 46, Time: 00:00:27

Health: -2/18      AC:  2    Str: 11    XL:     1   Next: 60%
Magic:  1/1        EV: 14    Int:  9    God:
Gold:   0          SH:  0    Dex: 16    Spells: 0/0 levels left

rFire   . . .      SeeInvis .   a - +0 spear
rCold   . . .      Faith    .   (no shield)
rNeg    . . .      Spirit   .   b - +0 robe
rPois   .          Reflect  .   (no helmet)
rElec   .          Harm     .   (no cloak)
rCorr   .          Rampage  .   (no gloves)
Will    .....                   (no boots)
Stlth   ++........              (no amulet)
HPRegen 0.06/turn               (no ring)
MPRegen 0.07/turn               (no ring)

@: no status effects
A: (nimble swimmer 2), mertail
a: no special abilities


You were on level 1 of the Dungeon.
You visited 1 branch of the dungeon, and saw 1 of its levels.

Inventory:

Hand Weapons
 a - a +0 spear (weapon)
Armour
 b - a +0 robe (worn)
Scrolls
 c - a scroll of teleportation {unknown}


   Skills:
 + Level 3.3 Fighting
 + Level 4.5 Polearms
 + Level 4.1 Dodging
 + Level 2.3 Stealth


You couldn't memorise any spells.
You didn't know any spells.
Your spell library was empty.

Dungeon Overview and Level Annotations

Branches:
Dungeon (1/15)

Altars:


Innate Abilities, Weirdness & Mutations

((You are very nimble when in or above water. (Stealth+, EV+, Speed+++)))
Your lower body shifts to a powerful aquatic tail in water.


Message History

The ball python hisses angrily.
You hit the goblin.
The goblin is heavily wounded.
The goblin hits you with a +0 dagger.
You closely miss the goblin.
The goblin is heavily wounded.
The goblin hits you with a +0 dagger.
You are too injured to fight recklessly!
You hit the ball python.
The ball python is moderately wounded.
The ball python bites you but does no damage.
The ball python misses you.
You miss the goblin.
The goblin is moderately wounded.
The goblin misses you.
You see here 14 poisoned darts.
The ball python bites you. The ball python closely misses you.
You hit the ball python.
You kill the ball python!
You hit the quokka.
The quokka is almost dead.
The quokka barely misses you.
You closely miss the quokka.
The quokka is almost dead.
The quokka barely misses you. The quokka closely misses you.
The goblin barely misses you. The quokka misses you.
You hit the quokka.
You kill the quokka!
The goblin hits you with a +0 dagger.
You barely miss the goblin.
The goblin is moderately wounded.
You closely miss the goblin.
The goblin is moderately wounded.
The goblin hits you with a +0 dagger.
* * * LOW HITPOINT WARNING * * *
The goblin hits you with a +0 dagger.
* * * LOW HITPOINT WARNING * * *
The goblin hits you with a +0 dagger.
You die...

#..#####.....# ..#
#..##.....⌠..# ###..#
#..#.........###....###
#.....†#......#.......>
#....###..(......#..#
#...## #(.<..#......#
#....###...........##
#....g.#......#....# #
#..#..@......###...##..
#..##.....⌠..# #$..)...
#..#####.....# #..###..
#..# ####### #.(# .
...# #..# ##.. #..#
#... ...# ###


You could see a goblin.

Vanquished Creatures
  A ball python (D:1)
  A goblin (D:1)
  A quokka (D:1)
3 creatures vanquished.

Notes
Turn   | Place    | Note
-------+----------+-------------------------------------------
     0 | D:1      | Deminshera the Merfolk Monk began the quest for the Orb.
     0 | D:1      | Reached XP level 1. HP: 18/18 MP: 1/1
    46 | D:1      | Slain by a goblin

Illustrated notes

Levels and vault maps discovered:
D:1:      dpeg_arrival_arbitrary_c, layout_loops_ring, serial_shops,
          shop_fountains, chequers_ecumenical_altar_simple

Action                   || total
-------------------------++-------
Melee: Spear             ||    13
Armor: Robe              ||     1
Dodge: Dodged            ||     9

Table legend: (Time is in decaauts)
 A = Elapsed time spent in this place.
 B = Non-inter-level travel time spent in this place.
 C = Inter-level travel time spent in this place.
 D = Time resting spent in this place.
 E = Time spent auto-exploring this place.
 F = Levels seen in this place.
 G = Mean time per level.
                   A        B        C        D        E       F      G
               +--------+--------+--------+--------+--------+-----+--------+
         Total |     44 |     44 |      0 |      0 |      4 |   1 |   44.0 |
       Dungeon |     44 |     44 |      0 |      0 |      4 |   1 |   44.0 |
               +--------+--------+--------+--------+--------+-----+--------+

Top non-repeatable levels by time:
     D:1: 44 daAuts
